AoeStats
← SpiggyWarrior

Arena

510396370Analyzed
2v2 RM · 1d ago on Sep 30, 2026· 22m 9s· 4 players
Game mode
Random Map
Map size
Medium (4 player)
Population
200
Speed
Normal
Resources
Standard
Victory
Conquest
Starting age
Dark Age
Ending age
Imperial Age
RankedLock teamsTeams togetherTeam positionsShared explorationLock speedFull tech treeHidden civsTurbo modeCheats
Victory
Defeat
🇳🇴 Mongols · Norway
1089
+12
🇬🇧 Bulgarians · United Kingdom
1054
+14
🇮🇹 Romans · Italy
1010
-13
🇨🇴 Chinese · Colombia
1008
-13
OtsBmd
11:18 Feudal Age
14:53 Castle Age
12:43 Horse Collar
13:34 Double-Bit Axe
14:13 Loom
15:43 Scale Mail Armor
17:55 Forging
18:48 Chain Mail Armor
19:45 Iron Casting
21:59 Squires
snoK
11:32 Feudal Age
12:39 Double-Bit Axe
12:45 Stone Mining
13:33 Horse Collar
16:38 Castle Age
21:58 Bow Saw
22:37 Scale Barding Armor
SpiggyWarrior
10:17 Feudal Age
15:01 Castle Age
12:48 Horse Collar
13:11 Double-Bit Axe
15:52 Bow Saw
22:11 Ballistics
Sebastian Quintero Arias
11:19 Feudal Age
17:33 Castle Age
19:14 Double-Bit Axe
Connection lost

Rejoining the realm…

Still unreachable

The connection could not be restored.

Session expired

The server has moved on; the page needs a fresh start.